 Dungeon Crawl Stone Soup version 0.17-a0-1583-g2df49ec (webtiles) character file.

77 Goblin1989 the Twirler (level 4, -1/26 HPs)
             Began as a Gargoyle Gladiator on July 28, 2015.
             Slain by a white imp (2 damage)
             ... summoned by Natasha
             ... on level 3 of the Dungeon.
             The game lasted 00:07:05 (2021 turns).

Goblin1989 the Twirler (Gargoyle Gladiator)         Turns: 2021, Time: 00:07:07

Health: -1/26      AC:  7    Str: 19    XL:     4   Next: 34%
Magic:  4/4        EV: 12    Int:  9    God:
Gold:   104        SH:  0    Dex: 10    Spells: 0 memorised, 3 levels left

rFire  . . .     SeeInvis .     a - +0 quarterstaff
rCold  . . .     Clarity  .     b - +0 leather armour
rNeg   + . .     SustAt   .     (no shield)
rPois  ∞         Gourm    .     c - +0 helmet
rElec  +         Spirit   .     (no cloak)
rCorr  .         Warding  .     (no gloves)
rMut   .         Stasis   .     (no boots)
MR     .....                    z - amulet of rage
Stlth  +.........               (no ring)
                                (no ring)

@: not resistant to hostile enchantments, very unstealthy
A: negative energy resistance 1, electricity resistance, unbreathing,
petrification resistance, rot immunity, AC +3
a: Evoke Berserk Rage


You were on level 3 of the Dungeon.
You were not hungry.

You visited 1 branch of the dungeon, and saw 3 of its levels.

You collected 104 gold pieces.

Inventory:

Hand weapons
 a - a +0 quarterstaff (weapon)
Missiles
 d - 3 throwing nets (quivered)
Armour
 b - a +0 leather armour (worn)
 c - a +0 helmet (worn)
Jewellery
 k - an uncursed ring of flight {unknown}
 x - a +3 ring of strength {unknown}
 z - an amulet of rage (around neck)
Magical devices
 s - a wand of random effects (31)
Scrolls
 g - a scroll of amnesia {unknown}
 l - 2 scrolls of fear {unknown}
 n - 2 scrolls of recharging {unknown}
 o - 4 scrolls of enchant weapon {unknown}
 r - a scroll of noise {unknown}
 u - a scroll of random uselessness {unknown}
 v - a scroll of fog {unknown}
 w - a scroll of remove curse {unknown}
 y - a scroll of identify {unknown}
Potions
 f - 2 potions of heal wounds {unknown}
 h - 3 potions of curing {unknown}
 i - a potion of flight {unknown}
 m - a potion of might {unknown}
 p - a potion of invisibility {unknown}
 q - a potion of haste {unknown}
Comestibles
 e - a bread ration
 j - 2 beef jerkies
 t - 2 chunks of flesh


   Skills:
 + Level 2.1 Fighting
 * Level 5.0 Staves
 - Level 2.0 Throwing
 - Level 2.4 Dodging
 + Level 0.0 Evocations


You had 3 spell levels left.
You didn't know any spells.

Dungeon Overview and Level Annotations

Branches:
Dungeon (3/15)

Altars:
Dithmenos

Annotations:
D:3 Natasha


Innate Abilities, Weirdness & Mutations

You are resistant to torment.
Your stone body is resilient (AC +3).
You are immune to poison.
You resist negative energy.
You are resistant to electric shocks.
You can survive without breathing.
You are immune to petrification.
You are immune to rotting.


Message History

The white imp hits you but does no damage.
The crimson imp barely misses you.
You barely miss Natasha. Natasha closely misses you.
The white imp barely misses you. The crimson imp hits you.
You closely miss Natasha. Natasha claws you. The white imp barely misses you.
The crimson imp shouts, "Back with thee, thou artless milk-livered crab-lanthorn!"
The crimson imp barely misses you.
You hit Natasha but do no damage. Natasha claws you.
The white imp gestures at you. The puff of frost hits you!
* * * LOW HITPOINT WARNING * * *
The crimson imp barely misses you.
You hit Natasha.
Natasha is heavily wounded.
Natasha claws you.
* * * LOW HITPOINT WARNING * * *
The white imp hits you.
* * * LOW HITPOINT WARNING * * *
The white imp freezes you.
You die...

#.#...#.##÷###.#
#.#......†...#.#
# #...#.##.#.#.#
##.##.##.#.#.#
.............#
....#######..##
##### ###..####
#....5..#
#.#)@##.#
......5h# #
####.##.# #. #.#
# ... #.# #.#
#.#


You could see Natasha, a crimson imp and a white imp.

Vanquished Creatures
  An adder (D:2)
  2 worms (D:2)
  3 giant geckos
  3 ball pythons
  4 bats
  3 giant cockroaches (D:2)
  4 goblins (D:1)
  8 hobgoblins
  8 jackals
  5 kobolds
  A quokka (D:2)
  2 giant newts (D:1)
  11 rats
55 creatures vanquished.

Notes
Turn   | Place    | Note
--------------------------------------------------------------
     0 | D:1      | Goblin1989 the Gargoyle Gladiator began the quest for the Orb.
     0 | D:1      | Reached XP level 1. HP: 12/12 MP: 1/1
   172 | D:1      | Reached XP level 2. HP: 15/17 MP: 2/2
   642 | D:1      | Reached skill level 4 in Staves
   708 | D:1      | Reached XP level 3. HP: 21/21 MP: 3/3
  1096 | D:2      | Found a shadowy altar of Dithmenos.
  1818 | D:2      | Reached XP level 4. HP: 21/26 MP: 4/4
  1968 | D:3      | Reached skill level 5 in Staves
  2009 | D:3      | Noticed Natasha
  2021 | D:3      | HP: 1/26 [white imp[Natasha] (2)]
  2021 | D:3      | Slain by a white imp

Vault maps used:
D:1:      lightli_arrival_statuegarden
D:2:      lemuel_crystal_altar
D:3:      lemuel_doored_altar, led_sif_pool, first_bread,
          kennysheep_cross_bottleneck, uniq_natasha, uniq_grinder

Action                   |  1- 3 |  4- 6 || total
-------------------------+-------+-------++-------
Melee: Quarterstaff      |   173 |    39 ||   212
  Eat: Chunk             |     2 |     2 ||     4
